 Dungeon Crawl Stone Soup version 0.19.4-9-g45fd643 (webtiles) character file.

73 alexmuadib the Chopper (level 4, -2/37 HPs)
             Began as a Human Berserker on Feb 16, 2017.
             Was a Follower of Trog.
             Killed from afar by Sigmund (5 damage)
             ... with a magic dart
             ... on level 2 of the Dungeon.
             The game lasted 00:10:33 (2323 turns).

alexmuadib the Chopper (Human Berserker)            Turns: 2323, Time: 00:10:34

Health: -2/37      AC:  4    Str: 18    XL:     4   Next: 51%
Magic:  4/4        EV: 12    Int:  8    God:    Trog [*.....]
Gold:   30         SH:  0    Dex: 12    Spells: 0 memorised, 3 levels left

rFire  . . .     SeeInvis .     a - +0 hand axe
rCold  . . .     Gourm    .     m - +0 leather armour
rNeg   . . .     Faith    .     (no shield)
rPois  .         Spirit   .     (no helmet)
rElec  .         Reflect  .     (no cloak)
rCorr  .         Harm     .     s - +0 pair of gloves
MR     .....                    (no boots)
Stlth  +.........               (no amulet)
                                (no ring)
                                (no ring)

@: no status effects
A: no striking features
a: Berserk, Burn Spellbooks, Renounce Religion


You were on level 2 of the Dungeon.
You worshipped Trog.
Trog was aware of your devotion.
You were not hungry.

You visited 1 branch of the dungeon, and saw 2 of its levels.

You collected 30 gold pieces.

Inventory:

Hand Weapons
 a - a +0 hand axe (weapon)
 d - a +0 club
 i - a +0 dagger
 j - a +4 club
 k - a +0 dagger
 l - a cursed -1 club
 n - a +0 club
 o - a +0 club
 p - a +0 club
 q - a +0 short sword
 r - a +0 whip
Missiles
 e - 16 sling bullets
 f - 2 tomahawks
 g - 56 stones (quivered)
Armour
 b - a +0 animal skin
 h - a +0 ring mail
 m - a +0 leather armour (worn)
 s - a +0 pair of gloves (worn)
Potions
 t - a potion of ambrosia {unknown}
 u - a potion of might {unknown}
Comestibles
 c - a bread ration
 v - a meat ration


   Skills:
 + Level 3.7 Fighting
 + Level 4.0 Axes
 + Level 2.1 Armour
 + Level 2.4 Dodging
 + Level 0.4 Stealth


You had 3 spell levels left.
You didn't know any spells.

Dungeon Overview and Level Annotations

Branches:
Dungeon (2/15)

Altars:

Annotations:
D:2 Sigmund


Message History

Deactivating autopickup; reactivate with Ctrl-A.
You miss something. Something hits you!
You closely miss something.
You hear some strange, mumbled words.
A puff of flame appears from out of thin air!
The puff of flame hits you! Something hits you!
You hear some strange, mumbled words.
Something tries to affect you, but you resist.
You start resting.
Something hits you but does no damage.
You start resting.
Something hits you.
* * * LOW HITPOINT WARNING * * *
You start resting.
Something hits you!
* * * LOW HITPOINT WARNING * * *
You hear some strange, mumbled words.
A magic dart appears from out of thin air!
The magic dart hits you!
You die...

#....# #.########..# ####.#
#.########..##### #.#
#...#...........# #### #.#
###.#...........# #... #.#
#.#..###..###.# #.## #.#
#.#..# #..# #.# #.#
#.########.#..# #.####.####.##
#..........#..###.............
#.########.#.@..†............#
#.# ###.#.####.#.##.####..#
#.# #...)......#.##.# #..# #..
.....#.#.#####...#.. .... #.#
### #.#... ..#...# #... #.#
#....#.##...#.# #... #..
#.##.. # #..... ... #. #.# ###
## #. .#


There were no monsters in sight!

Vanquished Creatures
  Ijyb (D:2)
  An adder (D:2)
  3 dart slugs (D:1)
  2 giant cockroaches (D:1)
  5 hobgoblins (D:1)
  7 bats
  4 frilled lizards
  7 goblins
  3 kobolds
33 creatures vanquished.

Notes
Turn   | Place    | Note
-------+----------+-------------------------------------------
     0 | D:1      | alexmuadib the Human Berserker began the quest for the Orb.
     0 | D:1      | Reached XP level 1. HP: 18/18 MP: 1/1
   204 | D:1      | Reached XP level 2. HP: 20/24 MP: 2/2
  1029 | D:1      | Reached XP level 3. HP: 28/29 MP: 3/3
  1564 | D:2      | Noticed Ijyb
  1581 | D:2      | Killed Ijyb
  1581 | D:2      | Reached XP level 4. HP: 9/36 MP: 4/4
  2290 | D:2      | Reached skill level 4 in Axes
  2301 | D:2      | Noticed Sigmund
  2323 | D:2      | Killed from afar by Sigmund

Skill      XL: |  1  2  3  4 |
---------------+-------------+-----
Axes           | 4 |  4.0
Fighting       | |  3.7
Armour         | |  2.1
Dodging        | |  2.4
Stealth        | |  0.4

Action                   |  1- 3 |  4- 6 || total
-------------------------+-------+-------++-------
Melee: Hand axe          |    84 |    28 ||   112
  Use: Scroll            |     1 |     2 ||     3
 Stab: Sleeping          |     1 |       ||     1
  Eat: Meat ration       |     1 |       ||     1
Armor: Animal skin       |    17 |       ||    17
       Leather armour    |     6 |    10 ||    16
Dodge: Dodged            |    57 |    21 ||    78
